 Dungeon Crawl Stone Soup version 0.18-a0-1166-g6e2d2a0 (webtiles) character file.

5748 Herrn the Digger (level 10, -2/87 HPs)
             Began as a Naga Earth Elementalist on Jan 26, 2016.
             Was a Believer of Vehumet.
             Slain by a vampire (3 damage)
             ... on level 10 of the Dungeon.
             The game lasted 00:55:01 (12910 turns).

Herrn the Digger (Naga Earth Elementalist)         Turns: 12910, Time: 00:55:01

Health: -2/87      AC:  4    Str: 11    XL:     10   Next: 77%
Magic:  0/27       EV: 19    Int: 18    God:    Vehumet [**....]
Gold:   641        SH:  0    Dex: 17    Spells: 4 memorised, 11 levels left

rFire  . . .     SeeInvis +     e - +1 whip (elec)
rCold  . . .     Gourm    .     a - +0 robe
rNeg   . . .     Faith    .     (no shield)
rPois  +         Spirit   +     (no helmet)
rElec  .         Dismiss  .     (no cloak)
rCorr  .         Reflect  .     (no gloves)
SustAt .         Harm     .     (no barding)
MR     +....                    k - amulet of guardian spirit
Stlth  ++++......               B - ring of magical power
                                l - +2 ring of slaying

@: agile, flying, very slightly contaminated, hasted, quick, somewhat resistant
to hostile enchantments, stealthy
A: see invisible, deformed body, poison resistance, slowness 2, slow metabolism
1, spit poison 2, AC +3
a: Spit Poison, Renounce Religion


You were on level 10 of the Dungeon.
You worshipped Vehumet.
Vehumet was pleased with you.
You were not hungry.

You visited 2 branches of the dungeon, and saw 11 of its levels.
You also visited: Sewer.

You collected 641 gold pieces.

Inventory:

Hand Weapons
 e - a +1 whip of electrocution (weapon)
 x - a +0 hand axe
 E - a +5 spear of venom
 I - a +0 morningstar
Missiles
 b - 88 stones (quivered)
Armour
 a - a +0 robe (worn)
 i - a +0 buckler
 Q - a troll hide
 T - a fire dragon hide
Jewellery
 k - an amulet of guardian spirit (around neck)
 l - a +2 ring of slaying (left hand)
 t - an uncursed ring of wizardry
 z - an uncursed amulet of dismissal
 B - a ring of magical power (right hand)
 J - a +2 ring of strength
 L - an uncursed ring of ice
Wands
 u - a wand of fire (1/15)
 v - a wand of polymorph (17/24)
 F - a wand of lightning (5/15)
 M - a wand of draining (6/15)
 S - a wand of digging (15/24)
Scrolls
 j - 5 scrolls of teleportation
 n - a scroll of enchant weapon
 s - 5 scrolls of remove curse
 y - a scroll of noise
 A - 2 scrolls of fog
 H - a scroll of immolation
Potions
 g - a potion of might
 h - a potion of poison
 o - 2 potions of magic
 p - a potion of cancellation {unknown}
 q - a potion of agility
 r - a potion of flight
 w - a potion of brilliance {unknown}
 C - a potion of mutation {unknown}
 D - 2 potions of lignification {unknown}
 G - a potion of haste
Books
 c - a book of Geomancy

   Spells                             Type                      Level
   a - Sandblast                      Earth                        1
   b - Stoneskin                      Transmutation/Earth          2
   c - Passwall                       Transmutation/Earth          3
   d - Stone Arrow                    Conjuration/Earth            3
   e - Petrify                        Transmutation/Earth          4
   f - Lee's Rapid Deconstruction     Earth                        5
 U - a book of Changes

   Spells                             Type                      Level
   a - Beastly Appendage              Transmutation                1
   b - Sticks to Snakes               Transmutation                2
   c - Spider Form                    Transmutation/Poison         3
   d - Ice Form                       Ice/Transmutation            4
   e - Blade Hands                    Transmutation                5
Comestibles
 d - 6 bread rations
 f - 5 meat rations
 m - 3 chunks of flesh
 N - a slice of pizza
 O - 3 beef jerkies
 R - 15 fruits


   Skills:
 * Level 4.8 Fighting
 * Level 4.4(4.5) Axes
 - Level 1.3(3.1) Polearms
 * Level 6.1 Dodging
 - Level 3.0 Stealth
 * Level 3.9 Shields
 + Level 5.7 Spellcasting
 * Level 4.7 Conjurations
 * Level 4.9 Transmutations
 * Level 2.4 Fire Magic
 + Level 6.5 Earth Magic


You had 11 spell levels left.
You knew the following spells:

 Your Spells              Type           Power        Failure   Level  Hunger
a - Sandblast             Erth           ####..       1%          1    None
b - Passwall              Trmt/Erth      ####......   3%          3    ##.....
c - Stone Arrow           Conj/Erth      ####..       3%          3    ##.....
d - Throw Flame           Conj/Fire      ###...       4%          2    None


Dungeon Overview and Level Annotations

Branches:
Dungeon (10/15)            Temple (1/1) D:7            Lair (0/8) D:8
    Orc: D:9-12

Altars:
Ashenzari
Cheibriados
Dithmenos
Elyvilon
Fedhas
Gozag
Kikubaaqudgha
Makhleb
Nemelex Xobeh
Okawaru
Pakellas
Qazlal
Ru
Sif Muna
Trog
Vehumet
Xom
Yredelemnul
Zin
The Shining One

Annotations:
D:7 Cojaviem's ghost, novice OgFi


Innate Abilities, Weirdness & Mutations

You cannot wear boots.
Your serpentine skin is tough (AC +3).
You have supernaturally acute eyesight.
Armour fits poorly on your strangely shaped body.
Your system is resistant to poisons.
You cover ground very slowly.
You have a slow metabolism.
You can spit poison.


Message History

The vampire is moderately damaged.
The vampire barely misses you. The vampire misses you.
You hit the vampire.
The vampire is heavily damaged.
You hit the vampire but do no damage.
The vampire is heavily damaged.
The vampire hits you.
* * * LOW HITPOINT WARNING * * *
The vampire completely misses you.
You hit the vampire.
There is a sudden explosion of sparks!
The vampire is almost destroyed.
The vampire is infused with unholy energy.
* * * LOW HITPOINT WARNING * * *
The vampire draws life force from you and is healed!
You closely miss the vampire.
The vampire is severely damaged.
You hit the vampire.
The vampire is severely damaged.
The vampire closely misses you. The vampire bites you.
You die...

#.....#...# #......##
#.#.###.#.# ###......'.
#.#.....#.####.'......##
#.##########...#......#
#.#.....#.#..#######'##
#.###.#.#.'.## #.#
#.....#...### #.#
#######'### #.# #@# #.#
#V# #.# #.# #)# ##.# #.#
#..# #.# #.## #.# #.#
##.# #.# #..# #.# ##.##


You could see a vampire.

Vanquished Creatures
  A centaur warrior (D:9)
  4 trolls
  A wraith (D:10)
  A yak (D:8)
  A hippogriff (D:8)
  3 hungry ghosts
  2 ice beasts (D:10)
  A porcupine (D:8)
  Purgy (Sewer)
  A phantom (D:4)
  3 ogres
  2 centaurs (D:9)
  2 big kobolds
  6 giant frogs
  A gnoll sergeant (D:6)
  A water moccasin zombie (D:8)
  2 wyvern skeletons
  3 scorpions
  3 wights (D:9)
  3 crimson imps
  A centaur zombie (D:8)
  A jelly (D:5)
  8 orc wizards
  12 orc priests
  4 hounds
  A centaur skeleton (D:9)
  3 iguanas
  2 hell rats (D:8)
  8 worker ants
  A worker ant zombie (D:5)
  6 gnolls
  2 river rats
  12 adders
  A shadow imp (D:5)
  2 oozes
  3 adder skeletons
  A worm (D:5)
  9 giant geckos
  30 orcs
  2 ball pythons (D:3)
  8 giant cockroaches
  3 goblins
  5 hobgoblins
  15 jackals
  17 kobolds
  6 quokkas
  2 ball python skeletons (D:4)
  5 bats
  A giant gecko skeleton (D:6)
  7 giant newts
  A jackal skeleton (D:5)
  A quokka skeleton (D:9)
  12 rats
234 creatures vanquished.

Notes
Turn   | Place    | Note
--------------------------------------------------------------
     0 | D:1      | Herrn the Naga Earth Elementalist began the quest for the Orb.
     0 | D:1      | Reached XP level 1. HP: 15/15 MP: 3/3
   233 | D:1      | Reached XP level 2. HP: 2/22 MP: 1/5
   988 | D:1      | Reached XP level 3. HP: 27/30 MP: 2/6
  1475 | D:2      | Found a snail-covered altar of Cheibriados.
  1755 | D:2      | Reached XP level 4. HP: 37/37 MP: 5/8
  1888 | D:2      | Learned a level 3 spell: Passwall
  1892 | D:2      | Learned a level 3 spell: Stone Arrow
  2242 | D:3      | Found an opulent altar of Gozag.
  2276 | D:3      | Found a glowing drain.
  2305 | Sewer    | Entered a sewer
  2433 | Sewer    | Reached skill level 1 in Fighting
  2467 | Sewer    | Noticed Purgy
  2496 | Sewer    | Killed Purgy
  2496 | Sewer    | Reached skill level 1 in Conjurations
  2496 | Sewer    | Reached skill level 4 in Earth Magic
  2496 | Sewer    | Reached XP level 5. HP: 32/44 MP: 3/9
  2671 | D:3      | Found a sparkling altar of Nemelex Xobeh.
  2998 | D:3      | Reached XP level 6. HP: 51/51 MP: 10/10
  3246 | D:4      | Found a blossoming altar of Fedhas.
  3484 | D:4      | Found a glowing golden altar of the Shining One.
  3598 | D:4      | Reached skill level 1 in Shields
  3685 | D:4      | Noticed a phantom
  3699 | D:4      | Killed a phantom
  3699 | D:4      | Reached XP level 7. HP: 53/58 MP: 4/12
  3956 | D:5      | Entered Level 5 of the Dungeon
  4983 | D:6      | Reached XP level 8. HP: 62/67 MP: 11/13
  5041 | D:6      | Reached skill level 1 in Axes
  5412 | D:6      | Reached skill level 5 in Earth Magic
  5425 | D:6      | Found an opulent altar of Gozag.
  5425 | D:6      | Found a glowing silver altar of Zin.
  5982 | D:7      | Found a staircase to the Ecumenical Temple.
  6159 | D:7      | Noticed Cojaviem's ghost (novice OgFi)
  6353 | Temple   | Entered the Ecumenical Temple
  6404 | Temple   | Became a worshipper of Vehumet
  7302 | D:8      | Reached XP level 9. HP: 67/75 MP: 15/15
  7327 | D:8      | Found a stormy altar of Qazlal.
  7770 | D:8      | Found a basalt altar of Yredelemnul.
  7986 | D:7      | Found a shattered altar of Ashenzari.
  8075 | D:7      | Found an ancient bone altar of Kikubaaqudgha.
  8149 | D:8      | Found a blossoming altar of Fedhas.
  8263 | D:8      | Found a staircase to the Lair.
  8282 | D:8      | Reached * piety under Vehumet
  8282 | D:8      | Offered knowledge of Freeze by Vehumet.
  8429 | D:8      | Reached skill level 1 in Polearms
  8578 | D:8      | Reached skill level 5 in Spellcasting
  9078 | D:8      | Reached skill level 5 in Dodging
  9078 | D:8      | Reached skill level 6 in Earth Magic
  9384 | D:9      | Offered knowledge of Throw Flame by Vehumet.
  9388 | D:9      | Learned a level 2 spell: Throw Flame
  9437 | D:9      | Noticed a troll
  9445 | D:9      | Killed a troll
  9445 | D:9      | Reached XP level 10. HP: 86/86 MP: 17/17
  9994 | D:9      | Reached ** piety under Vehumet
 10020 | D:9      | Reached skill level 1 in Fire Magic
 10912 | D:9      | Noticed a centaur warrior
 10925 | D:9      | HP: 4/87 [centaur warrior (5)]
 10927 | D:9      | Killed a centaur warrior
 11526 | D:10     | Entered Level 10 of the Dungeon
 12792 | D:10     | Noticed an unseen horror
 12888 | D:10     | HP: 2/87 [vampire (10)]
 12908 | D:10     | HP: 1/87 [vampire/vampiric draining (11)]
 12910 | D:10     | Slain by a vampire

Vault maps used:
D:1:      lightli_arrival_statuegarden, feat_on_display
D:2:      nicolae_overflow_hidden_temple
D:3:      lemuel_doored_altar, portal_sewer_entry_b, kennysheep_crisscross,
          nicolae_gozag_cash_rules_everything_around_me
D:4:      fedhas_altar_3, kennysheep_mini
D:5:      first_bread
D:6:      grunt_temple_overflow_gold_and_silver
D:7:      lemuel_coloured_pillars_altar, cheibrodos_ashenzari_chains
D:8:      lemuel_round_altar, dpeg_lair_monsters, basic_altar,
          hangedman_tree_tricks
D:10:     hiddenorc1_lemuel
Temple:   water_room_temple_b_12
Sewer:    kennysheep_door_sewer

Action                   |  1- 3 |  4- 6 |  7- 9 | 10-12 || total
-------------------------+-------+-------+-------+-------++-------
Melee: Unarmed           |     6 |       |       |       ||     6
       Whip              |       |    40 |    45 |    18 ||   103
       Spear             |       |       |   217 |   119 ||   336
 Cast: Sandblast         |    16 |    23 |   121 |    81 ||   241
       Passwall          |       |     1 |       |       ||     1
       Stone Arrow       |       |       |     4 |       ||     4
 Abil: Spit Poison       |    31 |    31 |    59 |    16 ||   137
  Use: Scroll            |       |     4 |     8 |     5 ||    17
       Potion            |       |       |       |    10 ||    10
 Stab: Sleeping          |       |     3 |     3 |     2 ||     8
  Eat: Chunk             |     4 |     7 |    17 |    10 ||    38
       Meat ration       |       |       |     1 |       ||     1
       Royal jelly       |       |       |     1 |       ||     1
       Pizza             |       |       |     1 |       ||     1
